 Dungeon Crawl Stone Soup version 0.28.0-53-g5a82cb258f (webtiles) character file.

Game seed: 6107825255809019364

112 mortz the Conjurer (level 5, -1/28 HPs)
             Began as a Kobold Conjurer on Aug 18, 2022.
             Slain by a bullfrog (5 damage)
             ... in a sewer.
             The game lasted 00:14:28 (2859 turns).

mortz the Conjurer (Kobold Conjurer)                Turns: 2859, Time: 00:14:28

Health: -1/28      AC:  2    Str:  4    XL:     5   Next: 16%
Magic:  6/9        EV: 14    Int: 22    God:
Gold:   149        SH:  0    Dex: 13    Spells: 2/9 levels left

rFire   . . .      SeeInvis .   f - +2 dagger (elec) {short}
rCold   . . .      Faith    .   (no shield)
rNeg    . . .      Spirit   .   a - +0 robe
rPois   .          Reflect  .   (no helmet)
rElec   .          Harm     .   (no cloak)
rCorr   +          Rampage  .   (no gloves)
Will    .....                   (no boots)
Stlth   ++........              (no amulet)
HPRegen 0.09/turn               h - ring of resist corrosion
MPRegen 0.11/turn               (no ring)

@: very slow
A: small, no large weapons, nightstalker 3
a: no special abilities


You were in a sewer.
You visited 1 branch of the dungeon, and saw 3 of its levels.
You also visited: Sewer.

You collected 149 gold pieces.


Innate Abilities, Weirdness & Mutations

You are small and have problems with some larger weapons.
You are completely attuned to the shadows.


   Skills:
 + Level 0.2 Fighting
 + Level 0.2 Short Blades
 + Level 2.6 Dodging
 + Level 4.4 Stealth
 + Level 2.7 Spellcasting
 + Level 4.9 Conjurations
 * Level 0.8 Translocations


You had 2 spell levels left.
You knew the following spells:

 Your Spells              Type           Power      Damage    Failure   Level
a - Magic Dart            Conj           100%       1d8       1%          1
b - Searing Ray           Conj           50%        2d6       2%          2
c - Iskenderun's Mystic   Conj/Tloc      15%        2d5       36%         4

Your spell library contained the following spells:

 Spells                   Type           Power      Damage    Failure   Level
 Dazzling Flash           Conj/Hex       28%        N/A       14%         3
 Fulminant Prism          Conj/Hex       7%         3d7       41%         4

Inventory:

Hand Weapons
 f - a +2 dagger of electrocution (weapon) {short}
   (You took it off a kobold on level 1 of the Dungeon)
Armour
 a - a +0 robe (worn)
 d - a +0 leather armour
   (You found it on level 1 of the Dungeon)
Jewellery
 h - a ring of resist corrosion (left hand)
   (You found it on level 2 of the Dungeon)
Scrolls
 b - a scroll of identify {@r1}
 e - a scroll of brand weapon {unknown}
 g - a scroll of vulnerability {unknown}
 k - a scroll of teleportation {unknown}
Potions
 c - a potion of curing {@q1}
 i - a potion of might

Dungeon Overview and Level Annotations

Branches:
Dungeon (3/15)              Sewer (1/1)

Altars:

Shops:
D:1

?* #############
#≈≈≈≈≈≈≈≈.≈.#####
#≈.≈≈.≈≈≈≈≈†..∩.###
#≈≈≈#########≈...≈##
####.≈≈≈≈≈.≈††≈####≈≈∩#
##≈.#.≈≈≈≈#####.≈≈≈#####
####≈≈.#######≈∩.#≈≈≈≈≈≈.##
#..≈.†≈≈#...≈≈≈F≈####≈≈≈≈≈##
≈≈≈≈#..##..§≈≈.F@≈≈.###≈≈≈≈##
≈≈≈##≈.#.l#######≈≈.≈≈##.≈≈≈#
≈.##≈.##≈≈#≈..≈≈###≈≈≈.##≈≈≈##
≈≈#≈≈≈#≈...≈≈≈≈≈ ##≈≈†≈#≈≈≈≈#
≈##≈≈≈#.≈≈.≈.≈≈≈ ##≈.≈##≈≈≈#
≈#≈≈≈†#≈.≈≈.≈≈≈. #≈†≈≈#≈≈.#
≈#≈≈..#≈..?$|.≈≈ #≈≈≈.#.≈≈#
≈#≈≈.≈#≈≈≈.?/$.≈ #≈≈.≈#.≈≈#
≈##≈.≈##≈≈≈..≈≈≈ ##≈..##≈≈≈#


You could see 2 bullfrogs.


Message History

You lost 1 mp, and now have 3/9 mp.
You enter the shallow water.
Moving in this stuff is going to be slow.
You enter the shallow water.
Moving in this stuff is going to be slow.
You see here a quokka corpse.
You enter the shallow water.
Moving in this stuff is going to be slow.
A ball python comes into view.
Found a gate leading back out of this place. 😎 MP[+6]
Your mp is fully restored (9).
The searing ray hits the ball python. (Press . to maintain the ray.) 😎 MP[-2]
You lost 2 mp, and now have 7/9 mp.
The searing ray misses the ball python.
The ball python misses you. x2 😎 MP[-1]
You lost 1 mp, and now have 6/9 mp.
The searing ray hits the ball python.
You kill the ball python! 😎 MP[-1]
You lost 1 mp, and now have 5/9 mp.
You enter the shallow water.
Moving in this stuff is going to be slow.
You enter the shallow water.
Moving in this stuff is going to be slow.
You enter the shallow water.
Moving in this stuff is going to be slow.
You now have 149 gold pieces (gained 18).
A bullfrog comes into view.
You see here 13 gold pieces. 😎 MP[+4]
Your mp is fully restored (9).
You see here a scroll labelled DATUYXT ULAIC.
You enter the shallow water.
Moving in this stuff is going to be slow.
The bullfrog gives a loud, deep croak!
You hear a croak.
You hear an angry hiss.
A bullfrog comes into view.
The bullfrog barely misses you. The bullfrog misses you.
A frilled lizard comes into view.
The bullfrog completely misses you. The bullfrog hits you. x2 😕 HP[-5]
You take 5 damage, and now have 23/28 hp.
The bullfrog closely misses you.
You see here a scroll labelled DATUYXT ULAIC.
You see here 13 gold pieces. 😕 HP[+1]
A ball python comes into view.
The frilled lizard bites you. The bullfrog closely misses you.
The bullfrog hits you. 😮 HP[-5]
You take 5 damage, and now have 19/28 hp.
You enter the shallow water.
Moving in this stuff is going to be slow.
The bullfrog hits you. The bullfrog completely misses you.
The bullfrog hits you. The frilled lizard bites you.
* * * LOW HITPOINT WARNING * * *
😨 HP[-5]
You take 5 damage, and now have 14/28 hp.
The bullfrog misses you. The bullfrog closely misses you.
You enter the shallow water.
Moving in this stuff is going to be slow.
The bullfrog barely misses you. The bullfrog completely misses you.
The bullfrog hits you but does no damage. x2
The bullfrog closely misses you. The bullfrog hits you.
* * * LOW HITPOINT WARNING * * *
The bullfrog hits you.
* * * LOW HITPOINT WARNING * * *
😱 HP[-11]
You take 11 damage, and now have 3/28 hp.
MASSIVE DAMAGE!! (PAUSE) Really read
j - a scroll of blinking {!r}?
Blink to where?
Press: ? - help, Dir - move target Splash!
You fall into the shallow water.
Moving in this stuff is going to be slow.
As you read the scroll of blinking {!r}, it crumbles to dust. 😱 HP[+1]
Aiming: Searing Ray (safe; 2% risk of failure)
Press: ? - help, Q - select action, (/) - cycle Shift-Dir - straight line, f - bullfrog
Aim: a bullfrog (74% to hit)
Okay, then.
Casting: Searing Ray (safe; 2% risk of failure)
Confirm with . or Enter, or press ? or * to list all spells.
Aiming: Searing Ray (safe; 2% risk of failure)
Press: ? - help, Shift-Dir - straight line, f - frilled lizard
Aim: a frilled lizard (66% to hit)
The searing ray hits the bullfrog!
The searing ray misses the bullfrog.
The searing ray hits the frilled lizard.
You kill the frilled lizard! (Press . to maintain the ray.)
The bullfrog barely misses you. x2; The bullfrog misses you. 😱 MP[-2]
You lost 2 mp, and now have 7/9 mp.
The searing ray hits the bullfrog!
The bullfrog hits you.
You die...

Skill      XL: |  1  2  3  4 |
---------------+-------------+-----
Stealth        | 3 4 |  4.4
Fighting       | |  0.2
Short Blades   | |  0.2
Dodging        | |  2.6
Spellcasting   | |  2.7
Conjurations   | |  4.9
Translocations | |  0.8

Action                   |  1- 3 |  4- 6 || total
-------------------------+-------+-------++-------
Melee: Dagger            |    13 |    15 ||    28
 Cast: Magic Dart        |    49 |    10 ||    59
       Searing Ray       |       |    22 ||    22
  Use: Scroll            |     2 |     3 ||     5
 Stab: Sleeping          |     9 |     7 ||    16
Armor: Robe              |     5 |     3 ||     8
Dodge: Dodged            |    10 |    31 ||    41

Levels and vault maps discovered:
D:1:      nzn_arrival_settlement, layout_loops_ring, serial_shops,
          nicolae_shop_waterfront, shop, minmay_misc_feat_plants,
          chequers_serial_rivers_small_a
D:2:      minmay_alternating_diamond, layout_rooms
D:3:      layout_basic, cheibrodos_sewer_entry_bend, ebering_ghost_rock_garden,
          hangedman_decor_push, nrook_mini_backslash, minmay_liquid_box
Sewer:    sewer_frog_island_02

Notes
Turn   | Place    | Note
-------+----------+-------------------------------------------
     0 | D:1      | mortz the Kobold Conjurer began the quest for the Orb.
     0 | D:1      | Reached XP level 1. HP: 10/10 MP: 3/3
     0 | D:1      | magus.rc [v1.9.6]
   207 | D:1      | Reached XP level 2. HP: 15/15 MP: 1/5
   453 | D:1      | magus.rc [v1.9.6]
   582 | D:1      | Found Lemefesch's Assorted Antiques.
   677 | D:1      | Found Neankag's Magic Scroll Shop.
   786 | D:1      | Reached skill level 3 in Stealth
   786 | D:1      | Reached XP level 3. HP: 14/19 MP: 0/6
  1231 | D:2      | Learned a level 2 spell: Searing Ray
  1536 | D:2      | Reached XP level 4. HP: 24/24 MP: 3/7
  1543 | D:2      | Learned a level 4 spell: Iskenderun's Mystic Blast
  1767 | D:2      | Reached skill level 4 in Stealth
  2088 | D:3      | Found a glowing drain.
  2100 | Sewer    | Entered a sewer
  2507 | Sewer    | Reached XP level 5. HP: 28/28 MP: 4/9
  2842 | Sewer    | Noticed a bullfrog
  2845 | Sewer    | Noticed a bullfrog
  2855 | Sewer    | HP: 3/28 [bullfrog (5)]
  2859 | Sewer    | Slain by a bullfrog

Vanquished Creatures
  3 adders
  A worm (D:3)
  3 dart slugs
  5 bats
  7 endoplasms
  10 giant cockroaches
  5 hobgoblins
  2 jackals (D:1)
  8 quokkas
  8 ball pythons
  9 frilled lizards
  3 goblins
  5 kobolds
  4 rats
73 creatures vanquished.

Table legend:
 A = Non-vault XP
 B = Vault XP
 C = Vault XP percentage of total XP
 D = Non-vault monster count
 E = Vault monster count
 F = Vault count percentage of total count
                 A         B        C        D         E       F
            +---------+---------+-------+---------+---------+-------
      Total |      55 |     106 |  65.8 |      32 |      41 |  56.2
            +---------+---------+-------+---------+---------+-------
        D:1 |      33 |       0 |   0.0 |      19 |       0 |   0.0
        D:2 |      17 |      36 |  67.9 |      10 |       7 |  41.2
        D:3 |       5 |       5 |  50.0 |       3 |       1 |  25.0
      Sewer |       0 |      65 | 100.0 |       0 |      33 | 100.0
            +---------+---------+-------+---------+---------+-------

Illustrated notes

Table legend:
 A = Kills in this place as a percentage of kills in entire the game.
 B = Kills by you in this place as a percentage of kills by you in the entire game.
 C = Kills by friends in this place as a percentage of kills by friends in the entire game.
 D = Other kills in this place as a percentage of other kills in the entire game.
 E = Experience gained in this place as a percentage of experience gained in the entire game.
 F = Experience gained in this place divided by the number of levels of this place that you have seen.
                   A       B       C       D       E      F
               +-------+-------+-------+-------+-------+----------------------
         Total | 100.0 | 100.0 |   N/A |   N/A | 100.0 |  40.2
       Dungeon |  54.8 |  54.8 |   N/A |   N/A |  59.6 |  32.0
         Sewer |  45.2 |  45.2 |   N/A |   N/A |  40.4 |  65.0
               +-------+-------+-------+-------+-------+----------------------

Table legend: (Time is in decaauts)
 A = Elapsed time spent in this place.
 B = Non-inter-level travel time spent in this place.
 C = Inter-level travel time spent in this place.
 D = Time resting spent in this place.
 E = Time spent auto-exploring this place.
 F = Levels seen in this place.
 G = Mean time per level.
                   A        B        C        D        E       F      G
               +--------+--------+--------+--------+--------+-----+--------+
         Total |   2937 |   2901 |     36 |    297 |   1994 |   4 |  734.2 |
       Dungeon |   2104 |   2068 |     36 |    231 |   1392 |   3 |  701.3 |
         Sewer |    833 |    833 |      0 |     66 |    601 |   1 |  833.0 |
               +--------+--------+--------+--------+--------+-----+--------+

Top non-repeatable levels by time:
     D:1: 1086 daAuts
     D:2: 835 daAuts
   Sewer: 833 daAuts
     D:3: 182 daAuts
